 Dungeon Crawl Stone Soup version 0.20.0-8-g6b59dc7 (webtiles) character file.

189 4thArraOfDagon the Slasher (level 5, 0/43 HPs)
             Began as a Barachi Fighter on June 2, 2017.
             Was an Initiate of Cheibriados.
             Slain by a gnoll
             ... wielding a +0 whip
              (3 damage)
             ... on level 5 of the Dungeon.
             The game lasted 00:03:27 (453 turns).

4thArraOfDagon the Slasher (Barachi Fighter)         Turns: 453, Time: 00:03:28

Health: 0/43       AC:  7    Str: 18    XL:     5   Next: 68%
Magic:  5/5        EV:  8    Int: 11    God:    Cheibriados [......]
Gold:   31         SH:  9    Dex: 12    Spells: 4/4 levels left

rFire    . . .     SeeInvis .   a - +1 long sword
rCold    . . .     Gourm    .   c - +0 shield
rNeg     . . .     Faith    .   b - +1 scale mail
rPois    .         Spirit   .   (no helmet)
rElec    .         Reflect  .   (no cloak)
rCorr    .         Harm     .   (no gloves)
MR       .....                  (no boots)
Stlth    +.........             (no amulet)
Regen    0.2/turn               l - ring of stealth
MPRegen  0.1/turn               (no ring)

@: very slow
A: +LOS, swims, slowness 1, strong legs 1
a: Hop, Bend Time, Renounce Religion


You were on level 5 of the Dungeon.
You worshipped Cheibriados.
Cheibriados was noncommittal.
You were not hungry.

You visited 2 branches of the dungeon, and saw 6 of its levels.

You collected 115 gold pieces.
You spent 84 gold pieces at shops.

Inventory:

Hand Weapons
 a - a +1 long sword (weapon)
Armour
 b - a +1 scale mail (worn)
 c - a +0 shield (worn)
Jewellery
 l - a ring of stealth (left hand)
Scrolls
 o - a scroll of vulnerability
Potions
 i - a potion of brilliance
Comestibles
 f - a bread ration
 p - 4 fruits


   Skills:
 + Level 4.7 Fighting
 * Level 5.3 Long Blades
 - Level 3.6 Armour
 + Level 2.5 Dodging
 - Level 3.2 Shields


You had 4 spell levels left.
You didn't know any spells.

Dungeon Overview and Level Annotations

Branches:
Dungeon (5/15)             Temple (1/1) D:5

Altars:
Ashenzari
Cheibriados
Gozag
Hepliaklqana
Ru
Trog
Xom
Yredelemnul

Shops:
D:4 *

Annotations:
D:3 4thArraOfDagon's ghost, amateur BaFi


Innate Abilities, Weirdness & Mutations

Shadows flee at your approach. (+LOS)
You can swim through water.
You cover ground slowly.
You can hop short distances.


Message History

Unknown command.
Unknown command.
You hit the gnoll.
The gnoll is severely wounded.
The gnoll hits you but does no damage. You block the gnoll's attack.
The gnoll hits you but does no damage. You block the gnoll's attack.
Unknown command.
Unknown command.
Unknown command.
You closely miss the gnoll.
The gnoll is severely wounded.
The gnoll hits you but does no damage. You block the gnoll's attack.
The gnoll hits you but does no damage. You block the gnoll's attack.
Unknown command.
Unknown command.
Unknown command.
You closely miss the gnoll.
The gnoll is severely wounded.
You block the gnoll's attack. The gnoll hits you with a whip.
You die...

..# ######'# ...#
........ ..?#
........#########...####
........#.....).........
.....g..#...............
........#...............
......g.#......##+######
........#g@....#
........'gg....#
...?....#'######
..#########


You could see 3 gnolls.

Vanquished Creatures
  A jelly (D:5)
  A gnoll shaman (D:5)
  2 orc wizards
  A worker ant zombie (D:5)
  2 gnolls (D:5)
  3 adders (D:4)
  3 orcs
  3 bats
  A giant cockroach (D:3)
  A frilled lizard (D:3)
  A kobold (D:2)
19 creatures vanquished.

Notes
Turn   | Place    | Note
-------+----------+-------------------------------------------
     0 | D:1      | 4thArraOfDagon the Barachi Fighter began the quest for the Orb.
     0 | D:1      | Reached XP level 1. HP: 18/18 MP: 1/1
   152 | D:3      | Noticed 4thArraOfDagon's ghost (amateur BaFi)
   163 | D:4      | Reached skill level 3 in Long Blades
   163 | D:4      | Reached XP level 2. HP: 23/24 MP: 2/2
   166 | D:4      | Reached skill level 1 in Dodging
   172 | D:4      | Reached XP level 3. HP: 10/30 MP: 3/3
   178 | D:4      | Reached skill level 4 in Long Blades
   180 | D:4      | Reached XP level 4. HP: 14/37 MP: 4/4
   217 | D:4      | Found Wugis's Assorted Antiques.
   241 | D:4      | Bought a scroll labeled KIOHOLAORI for 21 gold pieces
   241 | D:4      | Bought a scroll labeled DEUPHEUZICU for 21 gold pieces
   241 | D:4      | Bought a scroll labeled KIOHOLAORI for 21 gold pieces
   241 | D:4      | Bought a scroll labeled QYUNEOCINUI for 21 gold pieces
   328 | D:4      | Noticed a phantom
   333 | D:5      | Entered Level 5 of the Dungeon
   365 | D:5      | Found a staircase to the Ecumenical Temple.
   377 | D:5      | Noticed an ogre
   380 | Temple   | Entered the Ecumenical Temple
   386 | Temple   | Became a worshipper of Cheibriados the Contemplative
   410 | D:5      | Reached skill level 5 in Long Blades
   410 | D:5      | Reached XP level 5. HP: 30/43 MP: 5/5
   423 | D:5      | 4thArraOfDagon: RIP
   450 | D:5      | HP: 2/43 [gnoll/spear (1)]
   453 | D:5      | Slain by a gnoll

Skill      XL: |  1  2  3  4 |
---------------+-------------+-----
Long Blades    | 3 4 5 |  5.3
Dodging        | 1 2 |  2.5
Fighting       | 4 |  4.7
Armour         | |  3.6
Shields        | |  3.2

Action                   |  1- 3 |  4- 6 || total
-------------------------+-------+-------++-------
Melee: Long sword        |    30 |    52 ||    82
  Use: Potion            |     2 |     2 ||     4
       Scroll            |       |     8 ||     8
Armor: Scale mail        |    24 |    20 ||    44
Dodge: Dodged            |    21 |    22 ||    43
Block: Shield            |    28 |    30 ||    58
       Rpst.: Long sword |     8 |     8 ||    16
